[Event "*** Titled Tuesday 3|2 Blitz"]
[Site "Chess.com"]
[Date "2015.03.03"]
[Round "7"]
[White "IMRosen"]
[Black "Gevorg_Harutjunyan"]
[Result "0-1"]
[WhiteElo "2132"]
[BlackElo "2507"]
[TimeControl "180+2"]
[EndTime "12:31:13 PST"]
[Termination "Gevorg_Harutjunyan won by resignation"]

1. c4 Nf6 2. Nc3 g6 3. e4 d6 4. d4 Bg7 5. Be2 O-O 6. Bg5 Nbd7 7. Qd2 e5 8. d5 Nc5 9. f3 h6 10. Be3 Nh5 11. b4 Na6 12. a3 f5 13. exf5 gxf5 14. O-O-O Qf6 15. Kc2 Bd7 16. h4 Ng3 17.
Rh2 f4 18. Bf2 e4 19. Bd4 Qxd4 20. Qxd4 Bxd4 21. Rxd4 e3 22. h5 Kh8 23. Rh4 Nf5 24.
Rhxf4 Nxd4+ 25. Rxd4 Rae8 26. g4 Nb8 27. Nh3 Kg8 28. Kd3 c5 29. bxc5 dxc5 30. Re4 b5 31. cxb5 a6 32. a4 axb5 33. axb5 Bc8 34. Kxe3 Nd7 35. Bc4 Ne5 36. Be2 Nf7 37. Nf4 Nd6 38. Rxe8 Rxe8+ 39. Ne4 Bxg4 40. b6 Bf5 41. Bd3 c4 42.
Bc2 c3 43. Kd4 Bxe4 44. fxe4 Nb5+ 45. Kc4 Na3+ 46. Kxc3 Rc8+ 47. Kb3 Nxc2 48. b7 Nd4+ 49. Kb4 Rb8 50. Kc5 Nb3+ 51. Kb6 Na5 52. Kxa5 Rxb7 53.
e5 Kf8 54. Ng6+ Kf7 55. Ka6 Rb2 56. e6+ Kf6 57. e7 Kf7 58. d6 Rd2 59. Ne5+ Ke8 60.
d7+ Kxe7 61. Kb6 Rd5 62. Ng6+ Kxd7 63. Nf4 Rf5 64. Ng6 Rxh5 65. Nf4 Rf5 66. Nd3 Kd6 67. Ne1 h5 68. Ng2 Rg5 69. Nh4 Rg4 70. Nf5+ Ke5 71. Ne3 Ke4 72. Nd1 Rg2 73. Kc5 h4 74. Nc3+ Kf3 75. Kd4 h3 76. Ne4 Rg4 0-1

[Event "*** Titled Tuesday 3|2 Blitz"]
[Site "Chess.com"]
[Date "2015.03.03"]
[Round "7"]
[White "megarompa"]
[Black "exoticprincess"]
[Result "1/2-1/2"]
[WhiteElo "2666"]
[BlackElo "2782"]
[TimeControl "180+2"]
[EndTime "12:32:00 PST"]
[Termination "Game drawn - insufficient material"]

1. d4 Nf6 2. Nf3 d6 3. Bf4 h6 4. h3 c6 5. e3 Bf5 6. Bd3 Bxd3 7. Qxd3 e6 8. O-O Nbd7 9. c4 Be7 10. Nc3 O-O 11.
Rac1 Re8 12. Rfd1 Bf8 13. Bh2 Qb6 14. a3 Qa6 15. Qe2 d5 16. c5 Qxe2 17. Nxe2 Ne4 18. Ne5 Nxe5 19. Bxe5 f6 20. Bh2 e5 21. f3 Ng5 22. Kf2 a5 23. h4 Ne6 24. h5 Kh7 25. g4 Ng5 26. Bg3 a4 27. Bh4 Ne6 28.
Bg3 Be7 29. f4 exd4 30. exd4 Bd8 31. Rd3 Bc7 32. Rc2 Re7 33. Re3 Rae8 34. Rcc3 b5 35.
Rcd3 Kg8 36. Kf3 Kf7 37. Bh4 Ba5 38. f5 Ng5+ 39. Bxg5 fxg5 40. Rxe7+ Rxe7 41. Re3 Bd2 42. Rd3 Be1 43. Re3 Bd2 44. Rd3 Bf4 45. Rc3 Re4 46.
Rd3 Kf6 47. Rc3 Bd2 48. Rd3 Bf4 49. Rc3 Re7 50. Rd3 Re4 51. Rc3 Ke7 52. Rd3 Kd7 53.
Rc3 Kc7 54. Rd3 Kb7 55. Kf2 Ka6 56. Nc3 Re7 57. Ne2 Ka5 58. Nxf4 gxf4 59. Rd1 b4 60. Re1 Rb7 61. Kf3 bxa3 62. bxa3 Rb3+ 63. Kxf4 Rxa3 64.
Re7 Rd3 65. Rxg7 Rxd4+ 66. Ke5 Re4+ 67. Kf6 a3 68. Ra7+ Kb4 69. g5 hxg5 70. h6 Re8 71. Kg7 d4 72. h7 d3 73. f6 d2 74. f7 Rd8 75. h8=Q d1=Q 76. f8=Q Qd4+ 77. Kh7 Qh4+ 78.
Kg7 Qd4+ 79. Kh7 Qxh8+ 80. Qxh8 Rxh8+ 81. Kxh8 g4 82. Rg7 a2 83. Rxg4+ Kxc5 84. Ra4 Kb5 85. Rxa2 c5 86. Kg7 c4 87. Kf6 c3 88. Ke5 Kc4 89.
Ke4 Kb3 90. Ra8 c2 91. Rb8+ Kc3 92. Rc8+ Kd2 93. Rd8+ Ke2 94. Rc8 Kd2 95. Rd8+ Ke2 96. Rc8 Kd2 97. Kd4 c1=R 98. Rxc1 Kxc1 1/2-1/2

[Event "*** Titled Tuesday 3|2 Blitz"]
[Site "Chess.com"]
[Date "2015.03.03"]
[Round "7"]
[White "Ar4uha"]
[Black "Malev212"]
[Result "1/2-1/2"]
[WhiteElo "2464"]
[BlackElo "2092"]
[TimeControl "180+2"]
[EndTime "12:33:47 PST"]
[Termination "Game drawn by repetition"]

1. e4 e5 2. Nf3 Nc6 3. d4 exd4 4. Bc4 Nf6 5. Ng5 Ne5 6. Bb3 h6 7. f4 hxg5 8. fxe5 Nxe4 9. Bxf7+ Kxf7 10. Qf3+ Kg8 11.
O-O Qe8 12. Qxe4 d6 13. Qxd4 Qxe5 14. Qxe5 dxe5 15. Bxg5 Bc5+ 16. Kh1 Bd7 17. Nc3 Bc6 18. Rae1 Re8 19. Ne4 Bb6 20. h4 a5 21. Kh2 Kh7 22.
g4 Rhf8 23. Rxf8 Rxf8 24. Kg3 a4 25. Bd2 Bxe4 26. Rxe4 Rf2 27. Bc3 Rxc2 28. Rxa4 Bd4 29. Bxd4 exd4 30. Rxd4 Rxb2 31. a4 c5 32. Rc4 Rb4 33.
Rxc5 Rxa4 34. Rb5 g6 35. Rxb7+ Kg8 36. Re7 Kf8 37. Rc7 Kg8 38. Rd7 Kf8 39. Kf3 Kg8 40. Re7 Rb4 41. Re4 Rb5 42. Ra4 Kg7 43. Ra7+ Kg8 44.
Kg3 Rc5 45. Rb7 Ra5 46. Rd7 Rb5 47. Kf3 Ra5 48. Re7 Rb5 49. Rc7 Kf8 50. Kf4 Ra5 51.
Rh7 Rb5 52. Rc7 Ra5 53. Rd7 Rb5 54. Ke4 Ra5 55. Rd5 Ra4+ 56. Rd4 Ra5 57. Rd7 Ra4+ 58.
Kf3 Rb4 59. Kg3 Ra4 60. Rb7 Rc4 61. Rd7 Ra4 62. Kf3 Rb4 63. Rc7 Ra4 64. Rc5 Rb4 65. Re5 Kf7 66. Re4 Rb5 67. Kf4 Kf6 68. Ra4 Rc5 69.
Ra6+ Kf7 70. Rd6 Ra5 71. Rb6 Rc5 72. Rb7+ Kf8 73. Rd7 Ra5 74. Rd6 Kf7 75. Rd7+ Kf8 76. Rc7 Rb5 77. Rc4 Kf7 78. Re4 Kf6 79. Ra4 Kf7 80.
Ra8 Rc5 81. Rh8 Kg7 82. Re8 Kf6 83. Re4 Ra5 84. Rb4 Rc5 85. Rb6+ Kf7 86. Rd6 Ra5 87. Ke4 Ra4+ 88. Kf3 Rb4 89. Rd5 Ra4 90. Re5 Rb4 91. Re4 Rb5 92. g5 Rb1 93. Ra4 Rh1 94. Ra7+ Kf8 95.
Ke4 Rf1 96. Ke5 Rf2 97. Ke6 Rf1 98. Rh7 Kg8 99. Rd7 Rf2 100. Ke7 Rf7+ 101. Ke6 Rf4 102. Rc7 Rf3 103. Rd7 Rf2 104. Rd6 Kg7 105. Rd7+ Kg8 106. Rb7 Rf3 107. Ra7 Rf2 108. Re7 Rf3 109. Ke5 Rf2 110. Rd7 Rf1 111. Ke4 Rf2 112. Rd6 Kg7 113. Ke5 Rf5+ 114. Ke6 Rf2 115. Rd7+ Kg8 116. Ke7 Kg7 117. Rd6 Re2+ 118. Re6 Rf2 119. Ra6 Re2+ 120. Kd6 Re4 121. Ra7+ Kg8 122. Kd5 Rxh4 123. Ke6 Rf4 124. Ra8+ Kg7 125. Ra7+ Kg8 126. Ra8+ Kg7 127. Ra7+ Kg8 128. Ra8+ Kg7 1/2-1/2

[Event "*** Titled Tuesday 3|2 Blitz"]
[Site "Chess.com"]
[Date "2015.03.03"]
[Round "8"]
[White "Rijeka1999"]
[Black "gumersindo"]
[Result "0-1"]
[WhiteElo "2231"]
[BlackElo "2115"]
[TimeControl "180+2"]
[EndTime "12:37:48 PST"]
[Termination "gumersindo won by checkmate"]

1. e4 e5 2. Nf3 Nc6 3. Bc4 Bc5 4.
c3 Nf6 5. d3 d6 6. O-O O-O 7.
Nbd2 Be6 8. Re1 a6 9. Bb3 Re8 10. Nf1 Ne7 11. d4 exd4 12. cxd4 Ba7 13. Bg5 Ng6 14.
Bxe6 Rxe6 15. Rc1 h6 16. Bxf6 Rxf6 17. d5 Ne5 18. Nd4 Bb6 19. Ne3 Rg6 20. Nf3 Qf6 21. Nxe5 Qxe5 22. Nc4 Qg5 23. Qd2 Qxg2# 0-1

[Event "*** Titled Tuesday 3|2 Blitz"]
[Site "Chess.com"]
[Date "2015.03.03"]
[Round "8"]
[White "Tilicheev_Viacheslav"]
[Black "IMLevAltounian"]
[Result "1-0"]
[WhiteElo "2518"]
[BlackElo "2438"]
[TimeControl "180+2"]
[EndTime "12:39:50 PST"]
[Termination "Tilicheev_Viacheslav won by resignation"]

1. e4 e6 2. d4 d5 3. Nd2 Nf6 4.
e5 Nfd7 5. Bd3 c5 6. c3 Nc6 7. Ne2 cxd4 8. cxd4 Nb6 9. O-O Bd7 10. a3 a5 11. Nf3 a4 12. Bg5 Be7 13. Bxe7 Qxe7 14. Nf4 g6 15. Rc1 Na5 16. Nd2 O-O 17. Qg4 Kh8 18. Qh3 Qg5 19. g3 Kg7 20. Nf3 Qh6 21.
Qg4 Nbc4 22. h4 Nxb2 23. Rc7 Nxd3 24. Nxd3 Bb5 25. Nf4 Bxf1 26. Nxe6+ Kg8 27. Nxf8 Rxf8 28. Kxf1 Nc4 29. Ng5 Qg7 30. Qd7 Nxa3 31. Ne6 Qh6 32. Nxf8 1-0

[Event "*** Titled Tuesday 3|2 Blitz"]
[Site "Chess.com"]
[Date "2015.03.03"]
[Round "8"]
[White "megarompa"]
[Black "Fandorine"]
[Result "1-0"]
[WhiteElo "2677"]
[BlackElo "2569"]
[TimeControl "180+2"]
[EndTime "12:40:32 PST"]
[Termination "megarompa won on time"]

1. d4 Nf6 2. Nf3 g6 3. Bf4 Bg7 4. e3 O-O 5. Be2 d6 6. h3 c5 7. O-O Qb6 8. Qc1 cxd4 9. exd4 Nc6 10. c3 Bf5 11. Na3 Rac8 12. Nc4 Qd8 13. Ne3 Be4 14. Qd2 e5 15. Bg5 h6 16. Bxf6 Qxf6 17. d5 Bxf3 18. Bxf3 Ne7 19. Bg4 Rc7 20.
g3 h5 21. Be2 1-0

[Event "*** Titled Tuesday 3|2 Blitz"]
[Site "Chess.com"]
[Date "2015.03.03"]
[Round "8"]
[White "michaelk123"]
[Black "Hafez_Bakr"]
[Result "1-0"]
[WhiteElo "1911"]
[BlackElo "1801"]
[TimeControl "180+2"]
[EndTime "12:40:44 PST"]
[Termination "michaelk123 won by resignation"]

1. e4 c5 2. Nf3 d6 3. d4 cxd4 4.
Qxd4 Bd7 5. c4 Nc6 6. Qe3 Nf6 7.
Nc3 g6 8. h3 Bg7 9. Be2 a6 10.
O-O Rc8 11. Rb1 O-O 12. b3 Re8 13. Bb2 Qa5 14. Rfd1 Ne5 15. Nxe5 dxe5 16. Nd5 Bc6 17. Bxe5 Nxd5 18. exd5 Bxe5 19. Qxe5 Bd7 20. Qb2 b5 21. b4 Qc7 22. c5 Bf5 23. Rbc1 h5 24. Bd3 Bxd3 25. Rxd3 Qf4 26. Re1 f5 27. Rde3 Qg5 28. d6 f4 29. Re5 Qf6 30. d7 Rcd8 31. dxe8=Q+ Rxe8 32. Qe2 Kf7 33. Qf3 g5 34. Re6 Qh8 35. Qd5 Kf8 36. Qxg5 1-0

[Event "*** Titled Tuesday 3|2 Blitz"]
[Site "Chess.com"]
[Date "2015.03.03"]
[Round "8"]
[White "Bab3s"]
[Black "Mvpag"]
[Result "1-0"]
[WhiteElo "2043"]
[BlackElo "1852"]
[TimeControl "180+2"]
[EndTime "12:40:54 PST"]
[Termination "Bab3s won by resignation"]

1. e4 e5 2. Nf3 Nc6 3. d4 exd4 4.
Bc4 d6 5. Nxd4 Be7 6. O-O Nf6 7. Nc3 O-O 8. Nxc6 bxc6 9. f3 Bb7 10. Be3 Re8 11.
Bb3 Nd7 12. Qd2 Bf6 13. Rad1 Qe7 14. Rfe1 g6 15. Bf2 Bg5 16. f4 Bf6 17. e5 Bg7 18. e6 fxe6 19. Rxe6 d5 20. Rxe7 Rxe7 21. Nxd5 cxd5 22. Bxd5+ Kh8 23. Bxb7 Rb8 24. Bc6 Nf6 25. Bd4 Rd8 26. Qc3 h5 27. h3 Kh7 28. Kh2 Rd6 29.
Bf3 Red7 30. Bxf6 Bxf6 31. Rxd6 Rxd6 32. Qxc7+ 1-0

[Event "*** Titled Tuesday 3|2 Blitz"]
[Site "Chess.com"]
[Date "2015.03.03"]
[Round "8"]
[White "Gevorg_Harutjunyan"]
[Black "Mugzyyy"]
[Result "0-1"]
[WhiteElo "2497"]
[BlackElo "2476"]
[TimeControl "180+2"]
[EndTime "12:40:55 PST"]
[Termination "Mugzyyy won by resignation"]

1. e4 e6 2. Nf3 d5 3. e5 f5 4. d4 c5 5. c4 Ne7 6. Nc3 Nbc6 7. dxc5 Qa5 8. Be3 dxc4 9. Bxc4 Ng6 10.
O-O Bxc5 11. Nb5 Bxe3 12. Nd6+ Ke7 13. Nxc8+ Rhxc8 14. Qd6+ Ke8 15. Qxe6+ Nge7 16. Rad1 Nd8 17. Rxd8+ Rxd8 18. fxe3 Qc5 19. Qf7+ Kd7 20. Nd4 Qxe5 21. Be6+ Kd6 22. Nb5+ Qxb5 23. Bb3 Qc5 24. Kh1 Kc7 25. Qxg7 a6 26. e4 fxe4 27. Qh6 Kb8 28. h3 Ka7 29. Qxh7 Rf8 30. Re1 e3 31. Qe4 Nf5 0-1

[Event "*** Titled Tuesday 3|2 Blitz"]
[Site "Chess.com"]
[Date "2015.03.03"]
[Round "8"]
[White "pKiLz5Rn9b"]
[Black "MinhGTrAn"]
[Result "0-1"]
[WhiteElo "2239"]
[BlackElo "2422"]
[TimeControl "180+2"]
[EndTime "12:41:01 PST"]
[Termination "MinhGTrAn won by resignation"]

1. b3 a5 2. c4 a4 3. Bb2 e6 4. Nf3 Nf6 5. e3 b6 6. Be2 Bb7 7. O-O Be7 8. bxa4 O-O 9. Nc3 Ne4 10. Nxe4 Bxe4 11. d3 Bc6 12. Nd4 Bxa4 13. Nb3 Bc6 14. d4 Bf6 15. Qd2 Bb7 16. Rfd1 d6 17. d5 Bxb2 18. Qxb2 Nd7 19. a4 Qg5 20. f4 Qf6 21. Qxf6 Nxf6 22. Bf3 Rfe8 23. e4 exd5 24. exd5 Re3 25. Nd4 Rc3 26. Be2 g6 27. Nb5 Re3 28. Bf3 Re7 29. Rdb1 Kg7 30. a5 Rxa5 31. Rxa5 bxa5 32.
Nd4 Ba6 33. Nc6 Re3 34. Ra1 Bxc4 35. Rxa5 Ne4 36. h3 Nd2 37. Kf2 Rc3 38. Bg4 Ne4+ 39. Kg1 h5 40. Bf3 Nd2 41. Nd4 Rd3 42. Nb5 Nxf3+ 43.
gxf3 Rxd5 0-1

[Event "*** Titled Tuesday 3|2 Blitz"]
[Site "Chess.com"]
[Date "2015.03.03"]
[Round "8"]
[White "GGuseinov"]
[Black "zmaj23"]
[Result "1/2-1/2"]
[WhiteElo "2569"]
[BlackElo "2360"]
[TimeControl "180+2"]
[EndTime "12:41:13 PST"]
[Termination "Game drawn by agreement"]

1. e4 c5 2. Nf3 d6 3. d4 cxd4 4.
Nxd4 Nf6 5. Nc3 a6 6. Bg5 e6 7. f4 h6 8. Bh4 Qb6 9. Qd2 Qxb2 10. Nb3 Be7 11. Bf2 Qa3 12. Be2 Nc6 13. O-O Bd7 14. Kh1 h5 15. Bd3 h4 16. Rfe1 h3 17. g3 Ng4 18. Bg1 Bf6 19. e5 Be7 20. Ne4 dxe5 21.
Nec5 O-O-O 22. Qe2 f5 23. Rab1 Nb4 24. Nxd7 Rxd7 25.
Bc4 Rh6 26. Nc5 Rc7 27. Nxe6 Qa4 1/2-1/2

[Event "*** Titled Tuesday 3|2 Blitz"]
[Site "Chess.com"]
[Date "2015.03.03"]
[Round "8"]
[White "Tomsel"]
[Black "MattyDPerrine"]
[Result "0-1"]
[WhiteElo "2278"]
[BlackElo "2197"]
[TimeControl "180+2"]
[EndTime "12:41:14 PST"]
[Termination "MattyDPerrine won by resignation"]

1. d4 Nf6 2. Bf4 c5 3. e3 e6 4.
c3 Nc6 5. Nd2 Be7 6. Bd3 b6 7.
Ngf3 Nh5 8. Bg3 d6 9. a4 Bb7 10. Ne4 Qd7 11. Bb5 a6 12. dxc5 Nxg3 13. cxd6 axb5 14.
axb5 Rxa1 15. Qxa1 Nxe4 16. bxc6 Qxc6 17. dxe7 Kxe7 18.
Ne5 Qc5 19. Nd3 Qd5 20. Ke2 Ra8 21. Qb1 Ba6 22. Rd1 Nc5 0-1

[Event "*** Titled Tuesday 3|2 Blitz"]
[Site "Chess.com"]
[Date "2015.03.03"]
[Round "8"]
[White "1stSecond"]
[Black "Novak_Pezelj"]
[Result "1-0"]
[WhiteElo "2372"]
[BlackElo "2363"]
[TimeControl "180+2"]
[EndTime "12:41:16 PST"]
[Termination "1stSecond won by resignation"]

1. d4 e6 2. Nf3 Nf6 3. c4 Bb4+ 4. Nbd2 O-O 5. g3 d6 6. Bg2 Nbd7 7. O-O Bxd2 8.
Bxd2 e5 9. dxe5 dxe5 10. Bc3 Qe7 11. Qc2 Ne8 12. Rad1 Nd6 13. c5 Nb5 14. b4 a5 15. Bb2 axb4 16. c6 Qc5 17. Qxc5 Nxc5 18. Bxe5 Rxa2 19. Nd4 Nc3 20. Bxc7 Re8 21. Bd6 N3e4 22.
Bxc5 Nxc5 23. cxb7 Bxb7 24. Bxb7 Nxb7 25. Rb1 Ra4 26.
Rfc1 Nd6 27. Rc6 Ne4 28. Rb6 b3 29. Nxb3 Nc3 30. Rb2 g5 31. e3 Nd1 32. Rd2 Nc3 33.
Kg2 Ne4 34. Rc2 g4 35. Nd4 Ra1 36. Nf5 h5 37. h3 gxh3+ 38. Kxh3 f6 39. Rb7 Re5 40.
Rc8+ 1-0

[Event "*** Titled Tuesday 3|2 Blitz"]
[Site "Chess.com"]
[Date "2015.03.03"]
[Round "8"]
[White "destroyer305"]
[Black "Irochka83"]
[Result "1-0"]
[WhiteElo "2203"]
[BlackElo "2254"]
[TimeControl "180+2"]
[EndTime "12:41:21 PST"]
[Termination "destroyer305 won on time"]

1. e4 e6 2. Qe2 c5 3. Nf3 Nc6 4. c3 Nf6 5. g3 d6 6. Bg2 Be7 7. O-O O-O 8. Rd1 Bd7 9. d4 cxd4 10. cxd4 d5 11. e5 Ne4 12. Nbd2 f5 13. exf6 Nxf6 14. Nb3 b6 15. Bf4 Ne4 16. Nbd2 Nd6 17. Rac1 g5 18. Nxg5 Bxg5 19. Bxd6 Nxd4 20. Qg4 e5 21. Bxd5+ Kh8 22. Qh5 Qf6 23. Ne4 Qf3 24. Bxe5+ Bf6 25. Nxf6 Ne2+ 26.
Kf1 1-0

[Event "*** Titled Tuesday 3|2 Blitz"]
[Site "Chess.com"]
[Date "2015.03.03"]
[Round "8"]
[White "manitodeplomo"]
[Black "FabianEnglert"]
[Result "0-1"]
[WhiteElo "2279"]
[BlackElo "2248"]
[TimeControl "180+2"]
[EndTime "12:41:30 PST"]
[Termination "FabianEnglert won on time"]

1. d4 d5 2. c4 dxc4 3. Nf3 c6 4. e3 b5 5. a4 e6 6. b3 Bb4+ 7. Bd2 Bxd2+ 8. Nfxd2 Ne7 9. axb5 cxb5 10. bxc4 b4 11. c5 a5 12. Nc4 O-O 13. Be2 Ba6 14. O-O Nbc6 15. Nb6 Bxe2 16. Qxe2 Ra7 17. Qb5 Qc7 18. Nd2 Rb8 19. Ndc4 Nd5 20. Nxd5 Rxb5 21.
Nxc7 Rxc7 22. Ra4 f5 23. Rfa1 b3 24. Rb1 Ra7 25. Kf1 Ne7 26. Nd2 Rab7 27. Ra3 b2 28. Nc4 Nd5 0-1

[Event "*** Titled Tuesday 3|2 Blitz"]
[Site "Chess.com"]
[Date "2015.03.03"]
[Round "8"]
[White "Tirantes"]
[Black "kesarev"]
[Result "1-0"]
[WhiteElo "2148"]
[BlackElo "2217"]
[TimeControl "180+2"]
[EndTime "12:42:15 PST"]
[Termination "Tirantes won by resignation"]

1. c4 g6 2. g3 Bg7 3. Bg2 Nf6 4.
Nc3 O-O 5. e4 d6 6. Nge2 c5 7.
d3 Nc6 8. O-O Ne8 9. Be3 Nd4 10.
Qd2 Nc7 11. Bh6 Rb8 12. Bxg7 Kxg7 13. Nxd4 cxd4 14. Ne2 e5 15. Rac1 Bg4 16. f3 Be6 17. f4 f6 18. b4 Qe7 19. a3 Bg4 20. Rc2 Bxe2 21. Qxe2 Ra8 22. c5 dxc5 23. Rxc5 Ne6 24. Rc4 Rac8 25. Qc2 Rxc4 26. Qxc4 Qd6 27. Bh3 Nd8 28.
Qd5 Qxd5 29. exd5 Nf7 30. Be6 exf4 31. Rxf4 Ne5 32. Kf1 Nxd3 33. Rxd4 Ne5 34. Rd2 Rd8 35. Rc2 b6 36. Rc7+ Kh6 37. Rxa7 Rd6 38. Ke2 f5 39. a4 Kg5 40. Ra6 f4 41. gxf4+ Kxf4 42. a5 Nc4 43. Kd3 bxa5 44. Rxd6 Nxd6 45. bxa5 Ke5 46. a6 g5 47. a7 1-0

[Event "*** Titled Tuesday 3|2 Blitz"]
[Site "Chess.com"]
[Date "2015.03.03"]
[Round "8"]
[White "Ar4uha"]
[Black "GMHess"]
[Result "0-1"]
[WhiteElo "2456"]
[BlackElo "2462"]
[TimeControl "180+2"]
[EndTime "12:42:19 PST"]
[Termination "GMHess won by checkmate"]

1. e4 e5 2. Nf3 Nc6 3. d4 exd4 4.
Bc4 Nf6 5. Ng5 Ne5 6. Bb3 d5 7. exd5 Bb4+ 8. c3 dxc3 9. Nxc3 O-O 10. O-O h6 11. Nge4 Nxe4 12. Nxe4 Bf5 13. Ng3 Bd3 14. Bf4 Bxf1 15. Bxe5 Ba6 16. Qg4 Qg5 17. Qd4 Bc5 18. Qc3 Bd6 19. Bd4 Rfe8 20. h4 Qg4 21. Bc2 Bxg3 22.
fxg3 Rad8 23. Bb3 Re2 24. Bd1 Rxd5 25. Bxe2 Bxe2 26. Bxa7 Rd3 27. Qxc7 Rxg3 28. Kf2 Rxg2+ 29. Ke1 Qxh4+ 30. Kd2 Ba6+ 31. Kc3 Qh3+ 32. Kb4 Rxb2+ 33. Ka4 Bb5+ 34. Ka5 Qa3+ 35. Kb6 Bc6# 0-1

[Event "*** Titled Tuesday 3|2 Blitz"]
[Site "Chess.com"]
[Date "2015.03.03"]
[Round "8"]
[White "brauliocuarta"]
[Black "Cryptochess"]
[Result "1-0"]
[WhiteElo "2050"]
[BlackElo "2367"]
[TimeControl "180+2"]
[EndTime "12:42:23 PST"]
[Termination "brauliocuarta won by checkmate"]

1. d4 Nf6 2. c4 e6 3. Nc3 Bb4 4.
f3 d5 5. a3 Be7 6. e4 dxe4 7.
fxe4 e5 8. d5 Bc5 9. Bg5 Bg4 10.
Nf3 Nbd7 11. h3 Bxf3 12. Qxf3 Qe7 13. Bd3 c6 14. g4 Bd4 15. Bd2 Nc5 16. Bc2 a5 17.
O-O-O O-O 18. Ne2 Nfd7 19. Kb1 a4 20. Bb4 Rfd8 21. Nxd4 exd4 22. Rxd4 Ne5 23. Qf5 g6 24. Bxc5 Qxc5 25. Qxe5 b5 26. cxb5 cxb5 27. Rf1 Rac8 28.
Bd3 b4 29. Qf6 Rd7 30. Rxb4 Qe3 31. Qd4 Qxh3 32. e5 Qg2 33. d6 Rdd8 34. Rg1 Qh2 35.
Rb7 Qd2 36. Rxf7 Qh2 37. e6 Qh6 38. d7 Rb8 39. e7 Kxf7 40. Bc4+ Kxe7 41. Re1+ Kf8 42.
Qh8# 1-0

[Event "*** Titled Tuesday 3|2 Blitz"]
[Site "Chess.com"]
[Date "2015.03.03"]
[Round "8"]
[White "AlexanderL"]
[Black "EltajSafarli"]
[Result "0-1"]
[WhiteElo "2524"]
[BlackElo "2690"]
[TimeControl "180+2"]
[EndTime "12:42:24 PST"]
[Termination "EltajSafarli won by checkmate"]

1. d4 Nf6 2. c4 g6 3. Nf3 Bg7 4.
e3 O-O 5. Be2 d5 6. cxd5 Nxd5 7.
e4 Nb6 8. O-O c5 9. d5 Bg4 10.
Nbd2 e6 11. h3 Bxf3 12. Bxf3 c4 13. dxe6 fxe6 14. e5 N8d7 15. Bxb7 Rb8 16. Be4 Nxe5 17. Nf3 Nxf3+ 18. Bxf3 Qxd1 19. Bxd1 Nd5 20. Bg4 Kf7 21. Re1 Rfe8 22. Re4 c3 23. bxc3 Bxc3 24. Bf4 Bxa1 25. Bxb8 h5 26. Bxe6+ Rxe6 27. Rxe6 Kxe6 28. Bxa7 Nc3 29.
a3 Bb2 30. Bc5 Kd5 31. Bf8 Nd1 32. f3 Bd4+ 33. Kh2 Be5+ 34. g3 Ne3 35. f4 Bb2 36.
a4 Bc3 37. Kg1 Ke4 38. Kf2 Nf5 39. g4 hxg4 40. hxg4 Ne3 41. Kg3 Be1+ 42. Kh3 Kf3 43. f5 g5 44. Bh6 Nxg4 45. Bxg5 Bg3 46. Be3 Nxe3 47. f6 Nd1 48. f7 Nf2# 0-1

[Event "*** Titled Tuesday 3|2 Blitz"]
[Site "Chess.com"]
[Date "2015.03.03"]
[Round "8"]
[White "Malev212"]
[Black "pedromartinez91"]
[Result "1-0"]
[WhiteElo "2107"]
[BlackElo "2160"]
[TimeControl "180+2"]
[EndTime "12:42:24 PST"]
[Termination "Malev212 won by resignation"]

1. d4 d5 2. c4 dxc4 3. e3 e5 4. Bxc4 exd4 5. Qb3 Qe7 6. Nf3 Nc6 7. O-O d3 8. Nc3 Qd7 9. Bb5 Bd6 10. e4 Nge7 11.
Rd1 O-O 12. Bxd3 Qe6 13. Nb5 Ne5 14. Nxe5 Bxe5 15. Qxe6 fxe6 16. f4 Bxf4 17. Bxf4 Rxf4 18. Nxc7 Rb8 19. Bc4 Rxe4 20. Rd8+ Kf7 21. Rf1+ Nf5 22. Bxe6+ Ke7 23. Rxc8 Rxc8 24. Bxf5 Rc4 25. Bxc8 Rxc7 26.
Bf5 g6 27. Be4 Rc4 28. Bxb7 Rb4 29. Bd5 Rxb2 30. Bb3 Kd6 31. Rf7 h5 32. Rxa7 Ke5 33.
h3 Kf4 34. Kh2 h4 35. Rf7+ Kg5 36. Rf1 Rd2 37. Ra1 Rd3 38. Bd1 Re3 39. a4 Kf4 40.
Bf3 Re7 41. a5 Ra7 42. a6 g5 43. Bb7 Ke3 44. Rc1 Kf4 45. Rc8 Ke5 46. Ra8 Rxa8 47.
Bxa8 Kd6 48. Bf3 Kc7 49. a7 1-0

[Event "*** Titled Tuesday 3|2 Blitz"]
[Site "Chess.com"]
[Date "2015.03.03"]
[Round "8"]
[White "BjarkeSahl"]
[Black "wonderfultime"]
[Result "0-1"]
[WhiteElo "2107"]
[BlackElo "2548"]
[TimeControl "180+2"]
[EndTime "12:42:31 PST"]
[Termination "wonderfultime won by checkmate"]

1. e4 c5 2. Nf3 Nc6 3. d4 cxd4 4.
Nxd4 e5 5. Nxc6 bxc6 6. Nc3 Nf6 7. f4 Qa5 8. Qf3 d6 9. f5 Be7 10. Bd2 Qb6 11. b3 Bb7 12. Bd3 d5 13. g4 dxe4 14. Nxe4 Nxe4 15. Bxe4 Bh4+ 16. Ke2 Rd8 17. Rhd1 O-O 18.
Be3 Qa6+ 19. c4 Rxd1 20. Kxd1 Qa3 21. Kc2 Be7 22. Bc1 Qa5 23. Bb2 Bg5 24. Qc3 Qc5 25. Qf3 Qa5 26. Bc3 Qa6 27. Kb2 Rd8 28. Rd1 Qb6 29. Rxd8+ Qxd8 30. Bxc6 Bxc6 31. Qxc6 h6 32.
Qd5 Qb6 33. c5 Qa6 34. Qc4 Qc6 35. b4 a6 36. Bxe5 Qg2+ 37. Kb3 Qf3+ 38. Bc3 Qd1+ 39. Kb2 Bc1+ 40. Kb1 Ba3# 0-1

[Event "*** Titled Tuesday 3|2 Blitz"]
[Site "Chess.com"]
[Date "2015.03.03"]
[Round "8"]
[White "darsen_sanzhaev"]
[Black "ChessPsych0"]
[Result "1-0"]
[WhiteElo "2187"]
[BlackElo "2073"]
[TimeControl "180+2"]
[EndTime "12:42:39 PST"]
[Termination "darsen_sanzhaev won by checkmate"]

1. d4 Nf6 2. c4 c5 3. d5 e6 4. Nc3 exd5 5. cxd5 d6 6. Nf3 g6 7.
Bf4 a6 8. a4 Bg7 9. h3 O-O 10. e3 Qe7 11. Be2 Nbd7 12. O-O Ne8 13. Bh2 Rb8 14. Nd2 Ne5 15. f4 Nd3 16. Rf3 Nxb2 17.
Qc2 b5 18. axb5 axb5 19. Nxb5 Nc4 20. Nxc4 Bxa1 21. Nc3 Bf5 22. e4 Bxc3 23. exf5 Bd4+ 24. Kh1 Nf6 25. fxg6 hxg6 26. f5 Qe4 27. Bd3 Qxd5 28.
Bxd6 Rfe8 29. Bxb8 Rxb8 30. fxg6 Re8 31. gxf7+ Qxf7 32. Nd6 Re1+ 33. Bf1 Qg7 34. Nf5 Qg5 35. Qc4+ Kh7 36.
Qf7+ Kh8 37. Nxd4 Ne4 38. Ne6 Qc1 39. Qg7# 1-0

[Event "*** Titled Tuesday 3|2 Blitz"]
[Site "Chess.com"]
[Date "2015.03.03"]
[Round "8"]
[White "petrpalachev"]
[Black "Brandon_Clarke"]
[Result "0-1"]
[WhiteElo "2427"]
[BlackElo "2324"]
[TimeControl "180+2"]
[EndTime "12:42:44 PST"]
[Termination "Brandon_Clarke won by resignation"]

1. d4 e6 2. c4 f5 3. Nc3 Nf6 4.
e3 Bb4 5. Bd3 b6 6. Ne2 Bb7 7.
O-O O-O 8. a3 Bd6 9. f3 a6 10.
b4 Qe8 11. c5 Be7 12. Bd2 Qg6 13. Nf4 Qf7 14. cxb6 cxb6 15. Na4 g5 16. Nh3 Qh5 17.
f4 g4 18. Nf2 Bd8 19. Qe2 g3 20. hxg3 Qg6 21. g4 Nxg4 22. Nxg4 Qxg4 23. Qxg4+ fxg4 24. e4 d6 25. Be3 Nd7 26. Rac1 b5 27. Nc3 Bb6 28. g3 e5 29. Nd1 exd4 30. Bd2 Rfe8 31. Nf2 Nf6 32. Rfe1 h5 33. e5 dxe5 34. fxe5 Nd7 35.
Bf4 Nf8 36. Ne4 Bxe4 37. Bxe4 Rac8 38. Bf5 Rc3 39. Rxc3 dxc3+ 40. Be3 Rxe5 41. Bxb6 Rxe1+ 42. Kf2 Re7 43. Bc2 Nd7 44. Bd4 Nf8 45. Bb3+ Kh7 46.
Bxc3 Ng6 47. Bf6 Re8 48. Bd4 Ne5 49. Bc2+ Kh6 50. Be3+ Kg7 51. Bd4 Kf6 52. Ke3 Kg5 53. Kf2 Nc4 54. a4 Rf8+ 55. Ke2 Re8+ 56. Kf2 Rd8 57. Bc5 Rd2+ 58. Ke1 Rxc2 59. axb5 axb5 0-1

[Event "*** Titled Tuesday 3|2 Blitz"]
[Site "Chess.com"]
[Date "2015.03.03"]
[Round "8"]
[White "jup1978"]
[Black "biostatistician"]
[Result "1/2-1/2"]
[WhiteElo "2162"]
[BlackElo "2289"]
[TimeControl "180+2"]
[EndTime "12:42:45 PST"]
[Termination "Game drawn by agreement"]

1. e4 e6 2. d4 d5 3. Nc3 Bb4 4. exd5 exd5 5. Bd3 c6 6. Qh5 Nf6 7.
Qg5 O-O 8. Ne2 Re8 9. O-O Ng4 10.
Qxd8 Rxd8 11. h3 Nf6 12. a3 Bf8 13. Bg5 Nbd7 14. Bf5 Re8 15. Rfe1 h6 16. Bxf6 Nxf6 17. Bd3 Bd6 18. Ng3 Bd7 19. Kf1 Kf8 20. Rxe8+ Rxe8 21. Nf5 Bxf5 22. Bxf5 Bf4 23. Re1 Rxe1+ 24. Kxe1 Bc1 25. Nd1 Ke7 26. f3 Kd6 27. Bd3 Nh5 28. a4 Nf4 29. Bf1 g5 30. g3 Ne6 31. c3 h5 32. h4 gxh4 33. gxh4 Nf4 34. Kf2 Ng6 35. Kg3 Bd2 36.
Bd3 Be1+ 37. Kh3 Nxh4 38. Be2 Nf5 39. f4 h4 40. Bg4 Nh6 41. Bc8 b6 42. Ne3 c5 43.
dxc5+ bxc5 44. Nf5+ Nxf5 45. Bxf5 c4 46. Kg4 Kc5 47.
Bc2 d4 48. cxd4+ Kxd4 49. f5 Ke3 50. Bb1 Bf2 51. Ba2 Kd4 52. Bb1 f6 53. Kf3 Be3 54.
Kg4 Bg5 55. a5 Kc5 56. a6 Kb5 57. Ba2 Bc1 58. Kxh4 Bxb2 59. Kg4 c3 60. Bb1 Kb4 61. Bc2 Bc1 62. Kf3 Kb5 63. Bd3+ Kb6 64. Ke2 Bf4 65. Kd1 Be5 66. Kc2 Ka5 1/2-1/2